 Dungeon Crawl Stone Soup version 0.18-a0-1782-gb76a692 (webtiles) character file.

140 Lovchig the Insei (level 5, -5/41 HPs)
             Began as a Vampire Monk on Apr 17, 2016.
             Slain by a hobgoblin
             ... wielding a +0 club
              (6 damage)
             ... on level 3 of the Dungeon.
             The game lasted 00:10:33 (1907 turns).

Lovchig the Insei (Vampire Monk)                    Turns: 1907, Time: 00:10:34

Health: -5/41      AC:  2    Str: 11    XL:     5   Next: 2%
Magic:  14/14      EV: 15    Int: 12    God:
Gold:   122        SH:  0    Dex: 17    Spells: 0 memorised, 4 levels left

rFire  . . .     SeeInvis +       - Unarmed
rCold  . . .     Gourm    .     a - +0 robe
rNeg   . . .     Faith    .     (no shield)
rPois  .         Spirit   .     (no helmet)
rElec  .         Dismiss  .     (no cloak)
rCorr  .         Reflect  .     (no gloves)
SustAt +         Harm     +     (no boots)
MR     .....                    c - amulet of harm
Stlth  +++.......               k - ring of magical power
                                d - ring of sustain attributes

@: regenerating quickly, slowed, very slow, not resistant to hostile
enchantments, fairly stealthy
A: fangs 3, see invisible, unbreathing
a: no special abilities


You were on level 3 of the Dungeon.
You were very full.

You visited 1 branch of the dungeon, and saw 3 of its levels.

You collected 122 gold pieces.

Inventory:

Armour
 a - a +0 robe (worn)
Jewellery
 c - an amulet of harm (around neck)
 d - a ring of sustain attributes (left hand)
 k - a ring of magical power (right hand)
Wands
 m - a wand of digging (15/24)
Scrolls
 e - a scroll of fog
 i - a scroll of magic mapping
Potions
 b - a potion of blood
 f - a potion of magic
 g - a potion of heal wounds
 h - a potion of brilliance
 l - a potion of haste


   Skills:
 * Level 3.2 Fighting
 * Level 4.6 Dodging
 * Level 4.1 Stealth
 * Level 5.3 Unarmed Combat


You had 4 spell levels left.
You didn't know any spells.

Dungeon Overview and Level Annotations

Branches:
Dungeon (3/15)

Altars:
Ashenzari
Cheibriados
Makhleb
Ru


Innate Abilities, Weirdness & Mutations

Your natural rate of healing is unusually fast.
You have razor-sharp teeth.
You have supernaturally acute eyesight.
You can survive without breathing.


Message History

You hit the orc wizard but do no damage.
You bite the orc wizard.
The orc wizard is lightly wounded.
The orc wizard misses you. The orc wizard completely misses you.
You hit the orc wizard.
The orc wizard is severely wounded.
The orc wizard gestures wildly while chanting.
The orc wizard blinks!
The hobgoblin hits you with a club.
The orc wizard gestures at you while chanting.
You feel as though you will be slow longer.
The orc hits you with a flail of holy wrath.
* * * LOW HITPOINT WARNING * * *
You convulse.
* * * LOW HITPOINT WARNING * * *
You hit the orc. You bite the orc.
You kill the orc!
The hobgoblin hits you with a club.
* * * LOW HITPOINT WARNING * * *
The hobgoblin hits you with a club.
You die...

##...#.................# #
##......................# #
#.......................# #
#...<...................#
####**#.........()(..........##
#...,,.........)..)..##.....##
....,,..........(.###########
....,,........##)##
#...,,.........#@#
....,,.......#.g.# #########
##..,,g..g.#.#.o## #.......#
#*#.,,*,,.#*,#..# #.......#
##.,********,#.)## #.......#
...** *,#...###.......# .#**
*,#.#..##.......# .#
*,#.##.......#### .#
*,..*#..#..###


You could see an orc wizard and a hobgoblin.

Vanquished Creatures
  The ghost of M4edhros the Insei, a weakling TeMo (D:3)
  A hound (D:2)
  2 adders (D:2)
  A worm (D:2)
  A dart slug (D:1)
  A giant gecko (D:3)
  7 orcs (D:3)
  6 bats
  3 giant cockroaches
  5 goblins
  A hobgoblin (D:3)
  2 jackals (D:1)
  3 quokkas
  2 ball pythons (D:1)
  A giant newt (D:2)
  2 kobolds
  5 rats
44 creatures vanquished.

Notes
Turn   | Place    | Note
--------------------------------------------------------------
     0 | D:1      | Lovchig the Vampire Monk began the quest for the Orb.
     0 | D:1      | Reached XP level 1. HP: 17/17 MP: 1/1
   115 | D:1      | Reached XP level 2. HP: 9/23 MP: 2/2
   467 | D:1      | Found a snail-covered altar of Cheibriados.
   749 | D:2      | Reached XP level 3. HP: 10/28 MP: 3/3
   847 | D:2      | Reached skill level 5 in Unarmed Combat
  1196 | D:2      | Found a burning altar of Makhleb.
  1203 | D:2      | Reached XP level 4. HP: 11/35 MP: 4/4
  1382 | D:2      | Found a sacrificial altar of Ru.
  1383 | D:2      | Found a shattered altar of Ashenzari.
  1513 | D:3      | Noticed M4edhros's ghost (weakling TeMo)
  1526 | D:3      | Killed M4edhros's ghost
  1851 | D:3      | Reached XP level 5. HP: 5/41 MP: 5/5
  1907 | D:3      | HP: 1/41 [hobgoblin/club (3)]
  1907 | D:3      | Slain by a hobgoblin

Vault maps used:
D:1:      minmay_arrival_shoal_huts, cheibriados_altar_1
D:2:      gammafunk_temple_overflow_statue, first_bread, kennysheep_path_1,
          makhleb_heckhound_becter
D:3:      minmay_goblin_kobold_house

Skill      XL: |  1  2  3  4 |
---------------+-------------+-----
Unarmed Combat | 5 |  5.3
Dodging        | 4 |  4.6
Fighting       | 3 |  3.2
Stealth        | 4 |  4.1

Action                   |  1- 3 |  4- 6 || total
-------------------------+-------+-------++-------
Melee: Unarmed           |    90 |    53 ||   143
       Bite              |     5 |     5 ||    10
       Punch             |     1 |       ||     1
  Use: Scroll            |     5 |     4 ||     9
 Stab: Sleeping          |     2 |     4 ||     6
  Eat: Corpse            |     7 |     7 ||    14
Armor: Robe              |    10 |     4 ||    14
Dodge: Dodged            |    63 |    40 ||   103
